TOP OF THE 1ST |
Jasper Cougars batting - Pitching for Eau Claire Esquires : RHP Ángel Gil
|
Pitching: RHP Ángel Gil
|
|
Batting: RHB Júlio González
|
0-0: Ball 1-0: Foul Ball, location: 2F 1-1: Ball 2-1: Foul Ball, location: 2F 2-2: Strikes out looking
|
Batting: RHB Félix Sandoval
|
0-0: Ball 1-0: SINGLE (Groundball, 6MD)
|
Batting: LHB Iván Soriano
|
0-0: Called Strike 0-1: Called Strike 0-2: Strikes out swinging
|
Batting: LHB Luis García
|
0-0: Ball 1-0: Fielders Choice at 2nd, 5-4 (Groundball, 5L)
|
Top of the 1st over - 0 runs, 1 hit, 0 errors, 1 left on base; Jasper 0 - Eau Claire 0 |
BOTTOM OF THE 1ST |
Eau Claire Esquires batting - Pitching for Jasper Cougars : RHP Javier Zampieri
|
Pitching: RHP Javier Zampieri
|
|
Batting: LHB Matt Taylor
|
0-0: Fly out, F9 (Flyball, 9)
|
Batting: RHB Glen French
|
0-0: Ball 1-0: Ball 2-0: Called Strike 2-1: Foul Ball, location: 2F 2-2: Ball 3-2: Base on Balls
|
Batting: LHB Will Rhodes
|
0-0: Foul Ball, location: 2F 0-1: Ball 1-1: Fielders Choice at 2nd, 6-4 (Groundball, 6M)
|
Batting: LHB Steve Arnold
|
0-0: Ball 1-0: Ball 2-0: Ball 3-0: Base on Balls Will Rhodes to second
|
Batting: LHB Caleb Ruíz
|
0-0: Ground out U3 (Groundball, 34)
|
Bottom of the 1st over - 0 runs, 0 hits, 0 errors, 2 left on base; Jasper 0 - Eau Claire 0 |
TOP OF THE 2ND |
Jasper Cougars batting - Pitching for Eau Claire Esquires : RHP Ángel Gil
|
Batting: RHB Ben Wilson
|
0-0: Called Strike 0-1: Foul Ball, location: 2F 0-2: Strikes out swinging
|
Batting: SHB Jerry Young
|
0-0: Called Strike 0-1: Called Strike 0-2: Ball 1-2: Strikes out swinging
|
Batting: RHB Brent Allen
|
0-0: Called Strike 0-1: Called Strike 0-2: Strikes out looking
|
Top of the 2nd over - 0 runs, 0 hits, 0 errors, 0 left on base; Jasper 0 - Eau Claire 0 |
BOTTOM OF THE 2ND |
Eau Claire Esquires batting - Pitching for Jasper Cougars : RHP Javier Zampieri
|
Batting: LHB Johnny Foley
|
0-0: Ball 1-0: Foul Ball, location: 2F 1-1: Ball 2-1: Called Strike 2-2: Foul Ball, location: 2F 2-2: Foul Ball, location: 2F 2-2: Ball 3-2: Base on Balls
|
Batting: RHB Tom McBride
|
0-0: Ball 1-0: Fly out, F8 (Flyball, 8RD)
|
Batting: RHB Shawn López
|
0-0: Ball 1-0: Called Strike 1-1: Ball 2-1: Foul Ball, location: 2F 2-2: Ball 3-2: Strikes out swinging Johnny Foley steals 2nd base Batter strikes out.
|
Batting: RHB Tomás Rivera
|
0-0: SINGLE (Line Drive, 4D) Johnny Foley to third Runner from 3rd tries for Home, SAFE, no throw
|
Batting: LHB Matt Taylor
|
0-0: Ball 1-0: Called Strike 1-1: Called Strike 1-2: Ball 2-2: Strikes out swinging
|
Bottom of the 2nd over - 1 run, 1 hit, 0 errors, 1 left on base; Jasper 0 - Eau Claire 1 |
TOP OF THE 3RD |
Jasper Cougars batting - Pitching for Eau Claire Esquires : RHP Ángel Gil
|
Batting: RHB Alberto Morín
|
0-0: SINGLE (Groundball, 56D)
|
Batting: RHB Alberto Castillo
|
0-0: Ball 1-0: Ground out 6-3 (Groundball, 6S) Alberto Morín to second
|
Batting: RHB Júlio González
|
0-0: Called Strike Alberto Morín is caught stealing 3rd base 0-1: Foul Ball, location: 2F 0-2: Ball 1-2: SINGLE (Groundball, 6MD)
|
Batting: RHB Félix Sandoval
|
0-0: Ball 1-0: Called Strike 1-1: Ball 2-1: Fly out, F9 (Flyball, 9)
|
Top of the 3rd over - 0 runs, 2 hits, 0 errors, 1 left on base; Jasper 0 - Eau Claire 1 |
BOTTOM OF THE 3RD |
Eau Claire Esquires batting - Pitching for Jasper Cougars : RHP Javier Zampieri
|
Batting: RHB Glen French
|
0-0: Called Strike 0-1: Ball 1-1: Ball 2-1: Swinging Strike 2-2: Ball 3-2: Ground out 6-3 (Groundball, 6M)
|
Batting: LHB Will Rhodes
|
0-0: Called Strike 0-1: Ball 1-1: Ball 2-1: Ball 3-1: Foul Ball, location: 2F 3-2: Base on Balls
|
Batting: LHB Steve Arnold
|
0-0: Ball 1-0: Ball 2-0: Ball 3-0: Called Strike 3-1: Base on Balls Will Rhodes to second
|
Batting: LHB Caleb Ruíz
|
0-0: Ball 1-0: Ball 2-0: Ball 3-0: Base on Balls Will Rhodes to third Steve Arnold to second
|
Batting: LHB Johnny Foley
|
0-0: Ball 1-0: Ball 2-0: Ball 3-0: Base on Balls Will Rhodes scores Steve Arnold to third Caleb Ruíz to second
|
Batting: RHB Tom McBride
|
0-0: Ball 1-0: Ball 2-0: Fly out, F7 (Line Drive, 78XD) Runner from 3rd tags up, SCORES, no throw
|
Batting: RHB Shawn López
|
0-0: Foul Ball, location: 2F 0-1: Called Strike 0-2: Ball 1-2: Strikes out swinging
|
Bottom of the 3rd over - 2 runs, 0 hits, 0 errors, 2 left on base; Jasper 0 - Eau Claire 3 |
TOP OF THE 4TH |
Jasper Cougars batting - Pitching for Eau Claire Esquires : RHP Ángel Gil
|
Batting: LHB Iván Soriano
|
0-0: Ball 1-0: Called Strike 1-1: Foul Ball, location: 2F 1-2: DOUBLE (Line Drive, 78D)
|
Batting: LHB Luis García
|
0-0: Ground out 1-3 (Groundball, 13) Iván Soriano to third
|
Batting: RHB Ben Wilson
|
0-0: Called Strike 0-1: Fly out, F8 (Flyball, 8RM) Runner from 3rd tags up, OUT at HOME
|
Top of the 4th over - 0 runs, 1 hit, 0 errors, 0 left on base; Jasper 0 - Eau Claire 3 |
BOTTOM OF THE 4TH |
Eau Claire Esquires batting - Pitching for Jasper Cougars : RHP Javier Zampieri
|
Batting: RHB Tomás Rivera
|
0-0: Swinging Strike 0-1: Ball 1-1: Fly out, F5 (Line Drive, 56)
|
Batting: LHB Matt Taylor
|
0-0: Ground out 4-3 (Groundball, 34D)
|
Batting: RHB Glen French
|
0-0: DOUBLE (Line Drive, 9D)
|
Batting: LHB Will Rhodes
|
0-0: Ball 1-0: Ball 2-0: Ball 3-0: Base on Balls
|
Batting: LHB Steve Arnold
|
0-0: Called Strike 0-1: Ground out 4-3 (Groundball, 4)
|
Bottom of the 4th over - 0 runs, 1 hit, 0 errors, 2 left on base; Jasper 0 - Eau Claire 3 |
TOP OF THE 5TH |
Jasper Cougars batting - Pitching for Eau Claire Esquires : RHP Ángel Gil
|
Batting: SHB Jerry Young
|
0-0: Ball 1-0: Ball 2-0: Foul Ball, location: 2F 2-1: Foul Ball, location: 2F 2-2: Strikes out swinging
|
Batting: RHB Brent Allen
|
0-0: Ball 1-0: Foul Ball, location: 2F 1-1: SINGLE (Line Drive, 56D)
|
Batting: RHB Alberto Morín
|
0-0: Ball 1-0: Ball 2-0: Called Strike 2-1: Fielders Choice at 2nd, 6-4 (Groundball, 56)
|
Batting: RHB Alberto Castillo
|
0-0: Called Strike 0-1: Ground out 6-3 (Groundball, 6)
|
Top of the 5th over - 0 runs, 1 hit, 0 errors, 1 left on base; Jasper 0 - Eau Claire 3 |
BOTTOM OF THE 5TH |
Eau Claire Esquires batting - Pitching for Jasper Cougars : RHP Javier Zampieri
|
Batting: LHB Caleb Ruíz
|
0-0: Ball 1-0: Ball 2-0: Foul Ball, location: 2F 2-1: Ball 3-1: Called Strike 3-2: Foul Ball, location: 2F 3-2: SINGLE (Line Drive, 4MD)
|
Batting: LHB Johnny Foley
|
0-0: Called Strike 0-1: Ball 1-1: SINGLE (Groundball, 4MD) Caleb Ruíz to second Runner from 2nd tries for 3rd, SAFE, no throw
|
Batting: RHB Tom McBride
|
0-0: Swinging Strike 0-1: Ball Johnny Foley steals 2nd base 1-1: Called Strike 1-2: Foul Ball, location: 2F 1-2: SINGLE (Groundball, 56D) Caleb Ruíz scores Johnny Foley to third
|
Batting: RHB Shawn López
|
0-0: Ball 1-0: Foul Ball, location: 2F 1-1: Foul Ball, location: 2F 1-2: Ball 2-2: Foul Ball, location: 2F 2-2: Strikes out swinging
|
Batting: RHB Tomás Rivera
|
0-0: Ball 1-0: Called Strike 1-1: Ball 2-1: Ball 3-1: Base on Balls Tom McBride to second
|
Pitching: RHP Troy Perkins
|
|
Batting: LHB Matt Taylor
|
0-0: Hit by Pitch Johnny Foley scores Tom McBride to third Tomás Rivera to second
|
Batting: RHB Glen French
|
0-0: Ball 1-0: Called Strike 1-1: Swinging Strike 1-2: Strikes out swinging
|
Batting: LHB Will Rhodes
|
0-0: Called Strike 0-1: Called Strike 0-2: Ball 1-2: Foul Ball, location: 2F 1-2: Strikes out swinging
|
Bottom of the 5th over - 2 runs, 3 hits, 0 errors, 3 left on base; Jasper 0 - Eau Claire 5 |
TOP OF THE 6TH |
Jasper Cougars batting - Pitching for Eau Claire Esquires : RHP Ángel Gil
|
Batting: RHB Júlio González
|
0-0: Ball 1-0: Foul Ball, location: 2F 1-1: Ball 2-1: Swinging Strike 2-2: Strikes out swinging
|
Batting: RHB Félix Sandoval
|
0-0: Ball 1-0: Ball 2-0: Called Strike 2-1: Swinging Strike 2-2: Ball 3-2: Strikes out looking
|
Batting: LHB Iván Soriano
|
0-0: Called Strike 0-1: Foul Ball, location: 2F 0-2: Ball 1-2: Strikes out looking
|
Top of the 6th over - 0 runs, 0 hits, 0 errors, 0 left on base; Jasper 0 - Eau Claire 5 |
BOTTOM OF THE 6TH |
Eau Claire Esquires batting - Pitching for Jasper Cougars : RHP Troy Perkins
|
Batting: LHB Steve Arnold
|
0-0: Ball 1-0: Ball 2-0: Called Strike 2-1: Ball 3-1: Base on Balls
|
Batting: LHB Caleb Ruíz
|
0-0: Ball 1-0: Ball 2-0: Ball 3-0: Called Strike 3-1: Base on Balls Steve Arnold to second
|
Batting: LHB Johnny Foley
|
0-0: Swinging Strike 0-1: Foul Ball, location: 2F 0-2: Strikes out swinging
|
Batting: RHB Tom McBride
|
0-0: Foul Ball, location: 2F 0-1: Foul Ball, location: 2F 0-2: Ball 1-2: Strikes out swinging
|
Batting: RHB Shawn López
|
0-0: Ball 1-0: Ball 2-0: Ball 3-0: Base on Balls Steve Arnold to third Caleb Ruíz to second
|
Batting: RHB Tomás Rivera
|
0-0: Ball 1-0: Foul Ball, location: 2F 1-1: Ball 2-1: Ball 3-1: Base on Balls Steve Arnold scores Caleb Ruíz to third Shawn López to second
|
Batting: LHB Matt Taylor
|
0-0: Ball 1-0: Fly out, F8 (Flyball, 78S)
|
Bottom of the 6th over - 1 run, 0 hits, 0 errors, 3 left on base; Jasper 0 - Eau Claire 6 |
TOP OF THE 7TH |
Jasper Cougars batting - Pitching for Eau Claire Esquires : RHP Ángel Gil
|
Batting: LHB Luis García
|
0-0: Fly out, F6 (Popup, 6)
|
Batting: RHB Ben Wilson
|
0-0: Foul Ball, location: 2F 0-1: Ball 1-1: Ball 2-1: Ground out U3 (Groundball, 3S)
|
Batting: SHB Jerry Young
|
0-0: Called Strike 0-1: Swinging Strike 0-2: Foul Ball, location: 2F 0-2: Ball 1-2: Ball 2-2: Ball 3-2: Foul Ball, location: 2F 3-2: Base on Balls
|
Batting: RHB Brent Allen
|
0-0: Called Strike 0-1: Ball 1-1: Ball 2-1: Ground out 1-3 (Groundball, 13)
|
Top of the 7th over - 0 runs, 0 hits, 0 errors, 1 left on base; Jasper 0 - Eau Claire 6 |
BOTTOM OF THE 7TH |
Eau Claire Esquires batting - Pitching for Jasper Cougars : RHP Troy Perkins
|
Batting: RHB Glen French
|
0-0: Ball 1-0: Ball 2-0: Called Strike 2-1: Ground out 5-3 (Groundball, 5)
|
Batting: LHB Will Rhodes
|
0-0: Foul Ball, location: 2F 0-1: Ground out 4-3 (Groundball, 4M)
|
Batting: LHB Steve Arnold
|
0-0: DOUBLE (Line Drive, 9LD)
|
Batting: LHB Caleb Ruíz
|
0-0: Called Strike 0-1: Ground out 3-1 (Groundball, 34)
|
Bottom of the 7th over - 0 runs, 1 hit, 0 errors, 1 left on base; Jasper 0 - Eau Claire 6 |
TOP OF THE 8TH |
Jasper Cougars batting - Pitching for Eau Claire Esquires : RHP Ángel Gil
|
Now at 2B: Kyle McIntyre
|
|
Batting: RHB Alberto Morín
|
0-0: Called Strike 0-1: Ball 1-1: Foul Ball, location: 2F 1-2: Hit by Pitch
|
Batting: RHB Alberto Castillo
|
0-0: Ball 1-0: Called Strike 1-1: Foul Ball, location: 2F 1-2: Foul Ball, location: 2F 1-2: Fly out, F5 (Line Drive, 5)
|
Batting: RHB Júlio González
|
0-0: Ball 1-0: Called Strike 1-1: SINGLE (Groundball, 56S) (infield hit) Alberto Morín to second
|
Batting: RHB Félix Sandoval
|
0-0: Ball 1-0: SINGLE (Flyball, 78S) Alberto Morín to third Júlio González to second Runner from 3rd tries for Home, SAFE, no throw
|
Batting: LHB Iván Soriano
|
0-0: Ball 1-0: Ball 2-0: Called Strike 2-1: Foul Ball, location: 2F 2-2: Foul Ball, location: 2F 2-2: Ball 3-2: Foul Ball, location: 2F 3-2: Ground out 5-3 (Groundball, 56S) Júlio González to third Félix Sandoval to second
|
Batting: LHB Luis García
|
0-0: Called Strike 0-1: Ball 1-1: Ball 2-1: Fly out, F7 (Flyball, 7)
|
Top of the 8th over - 1 run, 2 hits, 0 errors, 2 left on base; Jasper 1 - Eau Claire 6 |
BOTTOM OF THE 8TH |
Eau Claire Esquires batting - Pitching for Jasper Cougars : RHP Troy Perkins
|
Batting: LHB Johnny Foley
|
0-0: Foul Ball, location: 2F 0-1: Ground out 1-3 (Groundball, 13S)
|
Batting: RHB Tom McBride
|
0-0: Ball 1-0: Foul Ball, location: 2F 1-1: Swinging Strike 1-2: Strikes out swinging
|
Batting: RHB Shawn López
|
0-0: Ball 1-0: Ground out 3-1 (Groundball, 34)
|
Bottom of the 8th over - 0 runs, 0 hits, 0 errors, 0 left on base; Jasper 1 - Eau Claire 6 |
TOP OF THE 9TH |
Jasper Cougars batting - Pitching for Eau Claire Esquires : RHP Ángel Gil
|
Batting: RHB Ben Wilson
|
0-0: Called Strike 0-1: Foul Ball, location: 2F 0-2: Ball 1-2: Fly out, F7 (Flyball, 78D)
|
Batting: SHB Jerry Young
|
0-0: Foul Ball, location: 2F 0-1: Ball 1-1: Ball 2-1: Called Strike 2-2: Strikes out looking
|
Batting: RHB Brent Allen
|
0-0: Foul Ball, location: 2F 0-1: Ball 1-1: Ground out 4-3 (Groundball, 4)
|
Top of the 9th over - 0 runs, 0 hits, 0 errors, 0 left on base; Jasper 1 - Eau Claire 6 |
|